TOP OF THE 1ST |
---|
Balzac Rams batting - Pitching for Bismark Border Guards : RHP Adrián Sandoval | Pitching: RHP Adrián Sandoval | | Batting: SHB Emílio Calvillo | 0-0: Fly out, F7 (Flyball, 7S) | Batting: RHB Santiago Rivera | 0-0: Ball 1-0: Ball 2-0: Called Strike 2-1: Ball 3-1: Called Strike 3-2: Strikes out swinging | Batting: RHB Ken Longoria | 0-0: Fly out, F9 (Flyball, 89D) | Top of the 1st over - 0 runs, 0 hits, 0 errors, 0 left on base; Balzac 0 - Bismark 0 | BOTTOM OF THE 1ST |
---|
Bismark Border Guards batting - Pitching for Balzac Rams : LHP Miguel Muñíz | Pitching: LHP Miguel Muñíz | | Batting: RHB Alfredo Farías | 0-0: Called Strike 0-1: Swinging Strike 0-2: Foul Ball, location: 2F 0-2: Strikes out looking | Batting: RHB Vincent Braun | 0-0: Swinging Strike 0-1: Fly out, F9 (Flyball, 9S) | Batting: RHB Jackson Gibson | 0-0: Ball 1-0: Foul Ball, location: 2F 1-1: Ball 2-1: Fly out, F9 (Flyball, 9S) | Bottom of the 1st over - 0 runs, 0 hits, 0 errors, 0 left on base; Balzac 0 - Bismark 0 | TOP OF THE 2ND |
---|
Balzac Rams batting - Pitching for Bismark Border Guards : RHP Adrián Sandoval | Batting: RHB Tommy Wilson | 0-0: Ball 1-0: Ball 2-0: Called Strike 2-1: Foul Ball, location: 2F 2-2: SINGLE (Line Drive, 6D) | Batting: RHB Jason Ward | 0-0: Fly out, F6 (Popup, 6M) | Batting: LHB Troy Jackson | 0-0: Ball 1-0: Fielders Choice at 2nd, 5-4 (Groundball, 56) | Batting: LHB Carlos Romero | 0-0: Called Strike 0-1: Ball 1-1: Ball 2-1: Swinging Strike 2-2: Ball 3-2: Strikes out swinging | Top of the 2nd over - 0 runs, 1 hit, 0 errors, 1 left on base; Balzac 0 - Bismark 0 | BOTTOM OF THE 2ND |
---|
Bismark Border Guards batting - Pitching for Balzac Rams : LHP Miguel Muñíz | Batting: RHB Danny Spode | 0-0: Called Strike 0-1: Ball 1-1: Swinging Strike 1-2: Ball 2-2: Ball 3-2: Ground out 5-3 (Groundball, 56S) | Batting: RHB Mario Carranza | 0-0: Foul Ball, location: 2F 0-1: SINGLE (Flyball, 8RS) | Batting: RHB Jeremiah Soto | 0-0: Ball 1-0: Called Strike 1-1: Ball 2-1: Called Strike 2-2: Ball 3-2: Base on Balls Mario Carranza to second | Batting: RHB Sergio Solíz | 0-0: Fly out, F7 (Flyball, 7) | Batting: LHB Alan Moore | 0-0: Called Strike 0-1: Ball 1-1: Foul Ball, location: 2F 1-2: Strikes out swinging | Bottom of the 2nd over - 0 runs, 1 hit, 0 errors, 2 left on base; Balzac 0 - Bismark 0 | TOP OF THE 3RD |
---|
Balzac Rams batting - Pitching for Bismark Border Guards : RHP Adrián Sandoval | Batting: LHB Rodney Harrison | 0-0: Called Strike 0-1: Ball 1-1: Reached on error, E4 (Groundball, 4) | Batting: RHB Brian Parks | 0-0: Called Strike 0-1: Ball 1-1: Called Strike 1-2: Strikes out swinging | Batting: SHB Emílio Calvillo | 0-0: Ball 1-0: Swinging Strike 1-1: SINGLE (Line Drive, 4MD) Rodney Harrison to third | Batting: RHB Santiago Rivera | 0-0: Called Strike 0-1: Called Strike 0-2: Ball Emílio Calvillo steals 2nd base 1-2: 3-RUN HOME RUN (Flyball, 7D), Distance : 364 ft | Batting: RHB Ken Longoria | 0-0: Ball 1-0: Foul Ball, location: 2F 1-1: Ball 2-1: Swinging Strike 2-2: Ball 3-2: Fly out, F7 (Line Drive, 7S) | Batting: RHB Tommy Wilson | 0-0: Reached on error, E3 (Groundball, 34) | Batting: RHB Jason Ward | 0-0: Ball 1-0: Called Strike 1-1: Called Strike 1-2: Fielders Choice at 2nd, 6-4 (Groundball, 6) | Top of the 3rd over - 3 runs, 2 hits, 2 errors, 1 left on base; Balzac 3 - Bismark 0 | BOTTOM OF THE 3RD |
---|
Bismark Border Guards batting - Pitching for Balzac Rams : LHP Miguel Muñíz | Batting: RHB Cipriano Baca | 0-0: Ground out 5-3 (Groundball, 56) | Batting: RHB Alfredo Farías | 0-0: Called Strike 0-1: Ball 1-1: Ground out 1-3 (Groundball, 13) | Batting: RHB Vincent Braun | 0-0: Called Strike 0-1: Ball 1-1: Fly out, F7 (Flyball, 78M) | Bottom of the 3rd over - 0 runs, 0 hits, 0 errors, 0 left on base; Balzac 3 - Bismark 0 | TOP OF THE 4TH |
---|
Balzac Rams batting - Pitching for Bismark Border Guards : RHP Adrián Sandoval | Batting: LHB Troy Jackson | 0-0: Fly out, F8 (Flyball, 8RXD) | Batting: LHB Carlos Romero | 0-0: Ball 1-0: Ball 2-0: Called Strike 2-1: Ball 3-1: Base on Balls | Batting: LHB Rodney Harrison | 0-0: Ball 1-0: Foul Ball, location: 2F 1-1: Ball 2-1: Called Strike 2-2: Strikes out swinging | Batting: RHB Brian Parks | 0-0: Ball 1-0: Ball 2-0: SINGLE (Groundball, 6MD) Carlos Romero to second | Batting: SHB Emílio Calvillo | 0-0: Called Strike 0-1: Called Strike 0-2: Ball 1-2: Ball 2-2: Fly out, F9 (Flyball, 89S) | Top of the 4th over - 0 runs, 1 hit, 0 errors, 2 left on base; Balzac 3 - Bismark 0 | BOTTOM OF THE 4TH |
---|
Bismark Border Guards batting - Pitching for Balzac Rams : LHP Miguel Muñíz | Batting: RHB Jackson Gibson | 0-0: Ball 1-0: SOLO HOME RUN (Flyball, 7LD), Distance : 366 ft | Batting: RHB Danny Spode | 0-0: Ball 1-0: Foul Ball, location: 2F 1-1: Swinging Strike 1-2: Strikes out looking | Batting: RHB Mario Carranza | 0-0: Ball 1-0: Ball 2-0: Ground out 5-3 (Groundball, 56S) | Batting: RHB Jeremiah Soto | 0-0: Ground out 6-3 (Groundball, 6) | Bottom of the 4th over - 1 run, 1 hit, 0 errors, 0 left on base; Balzac 3 - Bismark 1 | TOP OF THE 5TH |
---|
Balzac Rams batting - Pitching for Bismark Border Guards : RHP Adrián Sandoval | Batting: RHB Santiago Rivera | 0-0: Called Strike 0-1: Foul Ball, location: 2F 0-2: Ball 1-2: SINGLE (Flyball, 7LM) - OUT at second base trying to stretch hit. | Batting: RHB Ken Longoria | 0-0: SINGLE (Groundball, 56D) | Batting: RHB Tommy Wilson | 0-0: Foul Ball, location: 2F 0-1: Called Strike 0-2: Strikes out swinging | Batting: RHB Jason Ward | 0-0: Foul Ball, location: 2F 0-1: Ball 1-1: SINGLE (Popup, 6M) Ken Longoria to second | Batting: LHB Troy Jackson | 0-0: Ball 1-0: Called Strike 1-1: Fly out, F2 (Popup, 25F) | Top of the 5th over - 0 runs, 3 hits, 0 errors, 2 left on base; Balzac 3 - Bismark 1 | BOTTOM OF THE 5TH |
---|
Bismark Border Guards batting - Pitching for Balzac Rams : LHP Miguel Muñíz | Batting: RHB Sergio Solíz | 0-0: Ball 1-0: Ball 2-0: SINGLE (Groundball, 56S) (infield hit) | Batting: LHB Alan Moore | 0-0: Ball 1-0: SINGLE (Line Drive, 9S) Sergio Solíz to second | Batting: RHB Cipriano Baca | 0-0: Swinging Strike 0-1: Called Strike 0-2: Foul Ball, location: 2F 0-2: SINGLE (Groundball, 6D) Sergio Solíz to third Alan Moore to second | Batting: RHB Alfredo Farías | 0-0: Ball 1-0: Swinging Strike 1-1: Ball 2-1: Foul Ball, location: 2F 2-2: Foul Ball, location: 2F 2-2: SINGLE (Line Drive, 9LS) Sergio Solíz scores Alan Moore to third Cipriano Baca to second | Batting: RHB Vincent Braun | 0-0: Ball 1-0: Foul Ball, location: 2F 1-1: Grounds into double play, 6-4-3 (Groundball, 6) Alan Moore scores Cipriano Baca to third | Batting: RHB Jackson Gibson | 0-0: Foul Ball, location: 2F 0-1: Fly out, F8 (Flyball, 8LS) | Bottom of the 5th over - 2 runs, 4 hits, 0 errors, 1 left on base; Balzac 3 - Bismark 3 | TOP OF THE 6TH |
---|
Balzac Rams batting - Pitching for Bismark Border Guards : RHP Adrián Sandoval | Batting: LHB Carlos Romero | 0-0: Ball 1-0: Reached on error, E1 (Line Drive, 15S) | Batting: LHB Rodney Harrison | 0-0: Ball Pickoff Throw to First - Out! 1-0: Called Strike 1-1: Foul Ball, location: 2F 1-2: SINGLE (Groundball, 34D) | Batting: RHB Brian Parks | 0-0: Swinging Strike 0-1: Foul Ball, location: 2F 0-2: Ball 1-2: Strikes out swinging | Batting: SHB Emílio Calvillo | 0-0: Called Strike 0-1: SINGLE (Line Drive, 78S) Rodney Harrison to second | Batting: RHB Santiago Rivera | 0-0: Fly out, F8 (Flyball, 8LM) | Top of the 6th over - 0 runs, 2 hits, 1 error, 2 left on base; Balzac 3 - Bismark 3 | BOTTOM OF THE 6TH |
---|
Bismark Border Guards batting - Pitching for Balzac Rams : LHP Miguel Muñíz | Batting: RHB Danny Spode | 0-0: Ball 1-0: Ball 2-0: Ball 3-0: Foul Ball, location: 2F 3-1: Called Strike 3-2: Ground out 6-3 (Groundball, 6M) | Batting: RHB Mario Carranza | 0-0: Called Strike 0-1: SINGLE (Line Drive, 78M) | Batting: RHB Jeremiah Soto | 0-0: Ball 1-0: Ball 2-0: Ball 3-0: Base on Balls Mario Carranza to second | Batting: RHB Sergio Solíz | 0-0: Fly out, F9 (Flyball, 9S) | Batting: LHB Alan Moore | 0-0: Ball 1-0: Called Strike 1-1: Fly out, F8 (Flyball, 78D) | Bottom of the 6th over - 0 runs, 1 hit, 0 errors, 2 left on base; Balzac 3 - Bismark 3 | TOP OF THE 7TH |
---|
Balzac Rams batting - Pitching for Bismark Border Guards : RHP Adrián Sandoval | Pitching: RHP Jim Thompson | | Batting: RHB Ken Longoria | 0-0: Ball 1-0: Called Strike 1-1: Foul Ball, location: 2F 1-2: Ball 2-2: Foul Ball, location: 2F 2-2: Foul Ball, location: 2F 2-2: Foul Ball, location: 2F 2-2: Ball 3-2: Foul Ball, location: 2F 3-2: Foul Ball, location: 2F 3-2: Base on Balls | Batting: RHB Tommy Wilson | 0-0: Called Strike 0-1: Swinging Strike 0-2: Strikes out looking | Batting: RHB Jason Ward | 0-0: Swinging Strike 0-1: Foul Ball, location: 2F Balk! Ken Longoria to second 0-2: Ball 1-2: Ball 2-2: Foul Ball, location: 2F 2-2: Strikes out swinging | Pitching: LHP Jeffrey Glass | | Pinch Hitting: RHB Ricardo Muñóz | 0-0: Foul Ball, location: 2F 0-1: Ball 1-1: Ball 2-1: Ball 3-1: Base on Balls | Batting: LHB Carlos Romero | 0-0: Called Strike 0-1: Swinging Strike 0-2: Ball 1-2: Ball 2-2: Strikes out swinging | Top of the 7th over - 0 runs, 0 hits, 0 errors, 2 left on base; Balzac 3 - Bismark 3 | BOTTOM OF THE 7TH |
---|
Bismark Border Guards batting - Pitching for Balzac Rams : LHP Miguel Muñíz | Pitching: RHP John Harris | | Now at 2B: Ricardo Muñóz | | Pinch Hitting: LHB Norbert Mosley | 0-0: Ball 1-0: Called Strike 1-1: Foul Ball, location: 2F 1-2: Foul Ball, location: 2F 1-2: Strikes out swinging | Batting: RHB Alfredo Farías | 0-0: Swinging Strike 0-1: Ball 1-1: Swinging Strike 1-2: Foul Ball, location: 2F 1-2: Strikes out swinging | Batting: RHB Vincent Braun | 0-0: SINGLE (Line Drive, 8RS) | Batting: RHB Jackson Gibson | 0-0: Ground out 5-3 (Groundball, 56) | Bottom of the 7th over - 0 runs, 1 hit, 0 errors, 1 left on base; Balzac 3 - Bismark 3 | TOP OF THE 8TH |
---|
Balzac Rams batting - Pitching for Bismark Border Guards : LHP Jeffrey Glass | Now at 2B: Júlio Romano | | Batting: LHB Rodney Harrison | 0-0: Foul Ball, location: 2F 0-1: SINGLE (Flyball, 89S) | Pitching: RHP Esteban Corona | | Batting: RHB Brian Parks | 0-0: Ball 1-0: Bunted foul 1-1: Sac Bunt - play at first, batter OUT! 5-4 Rodney Harrison to second | Batting: SHB Emílio Calvillo | 0-0: Called Strike 0-1: Called Strike 0-2: Ball 1-2: SINGLE (Line Drive, 5D) Rodney Harrison to third | Batting: RHB Santiago Rivera | 0-0: Ball 1-0: Called Strike 1-1: Fly out, F8 (Flyball, 8LD) Runner from 3rd tags up, SCORES, throw made | Batting: RHB Ken Longoria | 0-0: Ball 1-0: Ball 2-0: Ball 3-0: Base on Balls Emílio Calvillo to second | Batting: RHB Tommy Wilson | 0-0: Ball 1-0: Foul Ball, location: 2F 1-1: Ball 2-1: Ball 3-1: Fielders Choice at 2nd, 5-4 (Groundball, 5) | Top of the 8th over - 1 run, 2 hits, 0 errors, 2 left on base; Balzac 4 - Bismark 3 | BOTTOM OF THE 8TH |
---|
Bismark Border Guards batting - Pitching for Balzac Rams : RHP John Harris | Batting: RHB Danny Spode | 0-0: Ball 1-0: Ball 2-0: Foul Ball, location: 2F 2-1: Ball 3-1: SOLO HOME RUN (Flyball, 7LD), Distance : 366 ft | Batting: RHB Mario Carranza | 0-0: Ball 1-0: Fly out, F9 (Flyball, 9LMF) | Now in RF: Gerald Arnold | | Pinch Hitting: LHB Will Hill | 0-0: Called Strike 0-1: Foul Ball, location: 2F 0-2: Foul Ball, location: 2F 0-2: Ball 1-2: Strikes out swinging | Batting: RHB Sergio Solíz | 0-0: Foul Ball, location: 2F 0-1: SINGLE (Line Drive, 34D) | Batting: LHB Alan Moore | 0-0: Ground out 4-3 (Groundball, 4) | Bottom of the 8th over - 1 run, 2 hits, 0 errors, 1 left on base; Balzac 4 - Bismark 4 | TOP OF THE 9TH |
---|
Balzac Rams batting - Pitching for Bismark Border Guards : RHP Esteban Corona | Now in RF: Will Hill | | Batting: RHB Jason Ward | 0-0: Ball 1-0: Foul Ball, location: 2F 1-1: Ball 2-1: Ball 3-1: Base on Balls | Batting: RHB Ricardo Muñóz | 0-0: Ball 1-0: Bunted foul 1-1: Sac Bunt - play at first, batter OUT! 2-4 Jason Ward to second | Batting: LHB Carlos Romero | 0-0: Ball 1-0: Ball 2-0: Ground out 3-1 (Groundball, 34) Jason Ward to third | Batting: LHB Rodney Harrison | 0-0: Ball 1-0: Ball 2-0: Called Strike 2-1: Ball 3-1: Ground out 6-3 (Groundball, 6) | Top of the 9th over - 0 runs, 0 hits, 0 errors, 1 left on base; Balzac 4 - Bismark 4 | BOTTOM OF THE 9TH |
---|
Bismark Border Guards batting - Pitching for Balzac Rams : RHP John Harris | Pitching: LHP Martin Balsano | | Batting: SHB Júlio Romano | 0-0: Ball 1-0: Swinging Strike 1-1: Ball 2-1: Called Strike 2-2: Ball 3-2: Strikes out looking | Batting: RHB Alfredo Farías | 0-0: Ground out 3-1 (Groundball, 3S) | Batting: RHB Vincent Braun | 0-0: SINGLE (Groundball, 5D) | Pinch Runner at 1st Juan Viera: | | Batting: RHB Jackson Gibson | 0-0: Ball Juan Viera is caught stealing 2nd base | Bottom of the 9th over - 0 runs, 1 hit, 0 errors, 0 left on base; Balzac 4 - Bismark 4 | TOP OF THE 10TH |
---|
Balzac Rams batting - Pitching for Bismark Border Guards : RHP Esteban Corona | Batting: RHB Brian Parks | 0-0: Ground out 5-3 (Groundball, 56) | Batting: SHB Emílio Calvillo | 0-0: Foul Ball, location: 2F 0-1: Ground out 6-3 (Groundball, 6MS) | Batting: RHB Gerald Arnold | 0-0: Foul Ball, location: 2F 0-1: Ball 1-1: Ball 2-1: Reached on error, E6 (Groundball, 6D) | Batting: RHB Ken Longoria | 0-0: Ball 1-0: Ball 2-0: Swinging Strike 2-1: Foul Ball, location: 2F 2-2: Foul Ball, location: 2F 2-2: Strikes out swinging | Top of the 10th over - 0 runs, 0 hits, 1 error, 1 left on base; Balzac 4 - Bismark 4 | BOTTOM OF THE 10TH |
---|
Bismark Border Guards batting - Pitching for Balzac Rams : LHP Martin Balsano | Batting: RHB Jackson Gibson | 0-0: Ball 1-0: Foul Ball, location: 2F 1-1: SINGLE (Line Drive, 34D) | Batting: RHB Danny Spode | 0-0: Ball 1-0: SINGLE (Flyball, 78S) Jackson Gibson to second | Batting: RHB Mario Carranza | 0-0: Ball 1-0: Ball Wild Pitch! Jackson Gibson to third Danny Spode to second 2-0: Fly out, F7 (Flyball, 7) Runner from 3rd tags up, SCORES, throw made | Saturday, December 16th, 2017 - OOTP Baseball 18.8 Build 76 |
|